 Dungeon Crawl Stone Soup version 0.29.1-2-gbd0b4ee654 (webtiles) character file.

Game seed: 6494850456418721657

46 hilljack the Chiller (level 3, -2/19 HPs)
             Began as a Gargoyle Ice Elementalist on Nov 10, 2022.
             Slain by a gnoll
             ... wielding a +0 halberd
              (3 damage)
             ... on level 2 of the Dungeon.
             The game lasted 00:02:36 (1372 turns).

hilljack the Chiller (Gargoyle Ice Elementalist)    Turns: 1372, Time: 00:02:37

Health: -2/19      AC:  7    Str: 11    XL:     3   Next: 68%
Magic:  5/7        EV: 11    Int: 17    God:
Gold:   104        SH:  0    Dex:  6    Spells: 0/7 levels left

rFire   . . .      SeeInvis .   a - +2 spear (venom)
rCold   . . .      Faith    .   (no shield)
rNeg    + . .      Spirit   .   n - +1 robe of Vicywnev {rElec Regen+ rCorr Dex-4}
rPois   ∞          Reflect  .   (no helmet)
rElec   +          Harm     .   (no cloak)
rCorr   +          Rampage  .   (no gloves)
Will    .....                   k - +0 pair of boots
Stlth   +.........              (no amulet)
HPRegen 0.86/turn               (no ring)
MPRegen 0.10/turn               (no ring)

@: no status effects
A: sickness immunity, AC +3, negative energy resistance 1, electricity
resistance, torment resistance 1, petrification resistance
a: no special abilities


You were on level 2 of the Dungeon.
You visited 1 branch of the dungeon, and saw 2 of its levels.

You collected 104 gold pieces.

Inventory:

Hand Weapons
 a - a +2 spear of venom (weapon)
Armour
 k - a +0 pair of boots (worn)
 n - the +1 robe of Vicywnev (worn) {rElec Regen+ rCorr Dex-4}
   (You found it on level 2 of the Dungeon)

   Dex:       It affects your dexterity (-4).
   rElec:     It insulates you from electricity.
   Regen:     It increases your rate of health regeneration.
   rCorr:     It protects you from acid and corrosion.
Scrolls
 d - 2 scrolls of teleportation {unknown}
 e - a scroll of brand weapon {unknown}
 h - 3 scrolls of identify {unknown}
 i - a scroll of amnesia {unknown}
 m - a scroll of poison {unknown}
Potions
 b - a potion of magic
 j - 2 potions of curing {unknown}
 l - a potion of haste {unknown}


   Skills:
 - Level 1.5 Dodging
 - Level 2.1 Stealth
 + Level 2.9 Spellcasting
 + Level 4.6 Ice Magic


You couldn't memorise any spells.
You knew the following spells:

 Your Spells              Type           Power      Damage    Failure   Level
a - Freeze                Ice            72%        1d9       2%          1
b - Frozen Ramparts       Ice            36%        1d6       8%          3
c - Ozocubu's Armour      Ice            18%        N/A       8%          3

Your spell library contained the following spells:

 Spells                   Type           Power      Damage    Failure   Level
 Wereblood                Tmut           2%         N/A       26%         2
 Hailstorm                Conj/Ice       10%        3d5       54%         4
 Summon Hydra             Summ           1%         N/A       100%        7
 Sublimation of Blood     Necr           Unusable   N/A       N/A         2

Dungeon Overview and Level Annotations

Branches:
Dungeon (2/15) Zot: 10624

Altars:


Innate Abilities, Weirdness & Mutations

You are immune to sickness and miasma.
Your stone body is resilient. (AC +3)
You are immune to poison.
You resist negative energy. (rN+)
You are resistant to electric shocks. (rElec)
You are resistant to unholy torment.
You are immune to petrification.


Message History

The gnoll barely misses you.
You climb upwards.
There is a stone staircase leading down here.
You start resting.
HP restored.
You start resting.
Magic restored.
You climb downwards.
There is a stone staircase leading up here.
You start waiting.
A gnoll is nearby!
The gnoll shouts!
The gnoll hits you from afar with a +0 spear.
The gnoll barely misses you.
You see here a rat corpse.
Casting: Freeze (safe; 2% risk of failure)
Confirm with . or Enter, or press ? or * to list all spells.
Aiming: Freeze (safe; 2% risk of failure)
Press: ? - help, Shift-Dir - straight line, f - gnoll
Aim: a gnoll, wielding a +0 spear You freeze the gnoll!
The gnoll is heavily wounded.
The gnoll hits you with a +0 spear.
Casting: Freeze (safe; 2% risk of failure)
Confirm with . or Enter, or press ? or * to list all spells.
Aiming: Freeze (safe; 2% risk of failure)
Press: ? - help, Shift-Dir - straight line, f/p - gnoll
Aim: a gnoll, wielding a +0 spear (heavily wounded)
You freeze the gnoll!
You kill the gnoll!
You reach to attack!
You barely miss the gnoll. The gnoll barely misses you.
There is a stone staircase leading up here.
You reach to attack!
You closely miss the gnoll.
The gnoll hits you from afar with a +0 halberd!
You reach to attack!
You barely miss the gnoll.
The gnoll hits you from afar with a +0 halberd!
Ouch! That really hurt!
* * * LOW HITPOINT WARNING * * *
The gnoll hits you from afar with a +0 halberd.
You die...

#.#.....#......# ##
.###.##...[......####..
...........##...........
..##...##...#....##..##.
..#.....................
.............#....#.#
.#.............g.#.####
#.............†......##
#.............@.......##
#..[....#..............#
#.................)..#...
#......##................
#########............#...
#...#..#####.#...
##.....# ..... #.#?...
##.. # #.#. ..


You could see a gnoll.

Vanquished Creatures
  2 gnolls
  4 ball pythons (D:1)
  3 endoplasms
  A giant cockroach (D:1)
  5 goblins
  2 hobgoblins (D:1)
  2 kobolds (D:1)
  A quokka (D:1)
  A bat (D:1)
  A frilled lizard (D:1)
  2 rats (D:2)
24 creatures vanquished.

Notes
Turn   | Place    | Note
-------+----------+-------------------------------------------
     0 | D:1      | hilljack the Gargoyle Ice Elementalist began the quest for
                  | the Orb.
     0 | D:1      | Reached XP level 1. HP: 10/10 MP: 3/3
   152 | D:1      | Reached XP level 2. HP: 14/15 MP: 0/5
   681 | D:1      | Found a faded altar of an unknown god.
  1189 | D:2      | Reached XP level 3. HP: 19/19 MP: 4/6
  1203 | D:2      | Identified the +1 robe of Vicywnev {rElec Regen+ rCorr
                  | Dex-4}
  1256 | D:1      | Learned a level 3 spell: Frozen Ramparts
  1260 | D:1      | Learned a level 3 spell: Ozocubu's Armour
  1372 | D:2      | Slain by a gnoll

Illustrated notes

Levels and vault maps discovered:
D:1:      minmay_arrival_semitransparent, layout_basic, serial_rivers,
          chequers_serial_rivers_micro_d, chequers_serial_rivers_micro_d,
          chequers_serial_rivers_micro_c, chequers_serial_rivers_small_a,
          nicolae_ecumenical_snake_handling, minmay_tromino_v7
D:2:      layout_rooms

Action                   || total
-------------------------++-------
Melee: Dagger            ||    10
       Spear             ||     3
 Cast: Freeze            ||    33
       Frozen Ramparts   ||     1
Armor: Robe              ||     6
Dodge: Dodged            ||    34
